 Dungeon Crawl Stone Soup version 0.29.1-1-gd02db6906a (webtiles) character file.

Game seed: 3171455358258456535

37 Demigod47 the Trooper (level 3, -1/34 HPs)
             Began as a Minotaur Fighter on Oct 11, 2022.
             Slain by a goblin
             ... wielding a +0 club
             ... led by Robin
              (5 damage)
             ... on level 2 of the Dungeon.
             The game lasted 00:01:35 (1012 turns).

Demigod47 the Trooper (Minotaur Fighter)            Turns: 1012, Time: 00:01:35

Health: -1/34      AC:  7    Str: 22    XL:     3   Next: 23%
Magic:  2/2        EV:  9    Int:  5    God:
Gold:   29         SH:  4    Dex:  9    Spells: 2/2 levels left

rFire   + . .      SeeInvis .   a - +0 flail
rCold   . . .      Faith    .   c - +0 buckler
rNeg    . . .      Spirit   .   b - +0 scale mail
rPois   .          Reflect  .   (helmet restricted)
rElec   .          Harm     .   (no cloak)
rCorr   .          Rampage  .   (no gloves)
Will    .....                   (no boots)
Stlth   ..........              (no amulet)
HPRegen 0.11/turn               f - ring of protection from fire
MPRegen 0.08/turn               (no ring)

@: no status effects
A: horns 2, retaliatory headbutt
a: no special abilities


You were on level 2 of the Dungeon.
You visited 1 branch of the dungeon, and saw 2 of its levels.

You collected 29 gold pieces.

Inventory:

Hand Weapons
 a - a +0 flail (weapon)
Missiles
 g - 2 silver javelins (quivered)
Armour
 b - a +0 scale mail (worn)
 c - a +0 buckler (worn)
Jewellery
 f - a ring of protection from fire (left hand)
Scrolls
 h - a scroll of summoning {unknown}
 i - a scroll of identify {unknown}
Potions
 d - a potion of might
 e - a potion of haste {unknown}


   Skills:
 + Level 4.4 Fighting
 + Level 2.9 Maces & Flails
 + Level 3.9 Armour
 + Level 0.3 Dodging
 + Level 4.1 Shields


You had 2 spell levels left.
You didn't know any spells.
Your spell library was empty.

Dungeon Overview and Level Annotations

Branches:
Dungeon (2/15)

Altars:

Annotations:
D:2 Robin


Innate Abilities, Weirdness & Mutations

You have a pair of horns on your head.
You reflexively headbutt those who attack you in melee.


Message History

You hear a shout!
You hit the goblin.
You kill the goblin!
The goblin hits you with a +0 club.
Robin roars a battlecry!
The goblin hits you with a +0 dagger. The goblin hits you but does no damage.
The goblin hits you with a +0 club. The goblin hits you with a +0 dagger.
Things that are here:
a +0 dagger; a goblin corpse; a hobgoblin corpse You barely miss the goblin.
Your headbutt misses the goblin. The goblin hits you but does no damage.
The goblin hits you with a +0 dagger. The goblin completely misses you.
The goblin barely misses you. You furiously retaliate!
You headbutt the goblin.
You kill the goblin!
Robin throws the goblin at you! The goblin barely misses you.
You furiously retaliate!
You headbutt the goblin, but do no damage.
The goblin closely misses you.
You hit the goblin but do no damage. You block the goblin's attack.
The goblin barely misses you. The goblin hits you with a +0 club. x2
You barely miss the goblin. The goblin closely misses you.
A goblin comes into view. It is wielding a +0 dagger.
The goblin barely misses you. The goblin hits you with a +0 club.
The goblin hits you but does no damage.
You closely miss the goblin. You block the goblin's attack.
The goblin hits you with a +0 club.
Robin roars a battlecry!
The goblin goes into a battle-frenzy!
The goblin barely misses you.
The goblin hits you but does no damage. x3
The goblin misses you. The goblin hits you with a +0 club.
* * * LOW HITPOINT WARNING * * *
You hit the goblin.
You kill the goblin!
The goblin hits you with a +0 club.
* * * LOW HITPOINT WARNING * * *
The goblin hits you with a +0 club.
* * * LOW HITPOINT WARNING * * *
You hit the goblin but do no damage. The goblin hits you with a +0 club.
You die...

# ####....# ..
#.......# #.##
#.##.####..# #..
.....#.#...# #.. .
#.....#.#.[# #.. gg
#.#..####.## #.# g## .
##......# #.# ..#G
###.#### #g###g..##
#.# #g@)gg.... #.#
##g###..## #.# #.#
#.## #.# #..#
#####.###.### ###.#
#............ ##.#.#
#.######..###
####....####.#####...#
+...................
..


You could see Robin, a golden eye and 5 goblins.

Vanquished Creatures
  A dart slug (D:1)
  3 ball pythons
  3 endoplasms
  7 goblins
  4 hobgoblins
  2 jackals (D:1)
  2 quokkas (D:1)
  3 bats (D:1)
  3 frilled lizards (D:1)
  2 kobolds
  3 rats (D:1)
33 creatures vanquished.

Notes
Turn   | Place    | Note
-------+----------+-------------------------------------------
     0 | D:1      | Demigod47 the Minotaur Fighter began the quest for the Orb.
     0 | D:1      | Reached XP level 1. HP: 19/19 MP: 0/0
   269 | D:1      | Reached XP level 2. HP: 27/27 MP: 1/1
   936 | D:2      | Reached XP level 3. HP: 34/34 MP: 2/2
   994 | D:2      | Noticed a golden eye
   999 | D:2      | Noticed Robin
  1012 | D:2      | Slain by a goblin

Illustrated notes

Levels and vault maps discovered:
D:1:      eino_arrival_water_star, layout_loops_ring, minmay_misc_feat_tower,
          dreamdust_mushroom_princess, minmay_fountain_box, minivault_25
D:2:      layout_loops_corners, hellmonk_ecumenical_altar_watching_god,
          minmay_liquid_box, corner_web_ring, minmay_misc_feat_tiny, uniq_robin

Skill      XL: |  1  2  3 |
---------------+----------+-----
Fighting       | 4 |  4.4
Shields        | 4 |  4.1
Maces & Flails | |  2.9
Armour         | |  3.9
Dodging        | |  0.3

Action                   || total
-------------------------++-------
Melee: Flail             ||    66
       Headbutt          ||     8
Armor: Scale mail        ||    38
Dodge: Dodged            ||    47
Block: Buckler           ||    16
